 Dungeon Crawl Stone Soup version 0.28.0-53-g5a82cb258f (webtiles) character file.

Game seed: 17792663255321774098

3754 Jerry the Thaumaturge (level 9, -4/45 HPs)
             Began as a Deep Elf Fire Elementalist on June 29, 2022.
             Was a Follower of Vehumet.
             Slain by a sun demon (8 damage)
             ... summoned by a kobold demonologist
             ... on level 7 of the Dungeon on June 30, 2022.
             The game lasted 00:56:28 (9214 turns).

Jerry the Thaumaturge (Deep Elf Fire Elementalist)  Turns: 9214, Time: 00:56:28

Health: -4/45      AC:  8    Str:  5    XL:     9   Next: 93%
Magic:  10/23      EV: 16    Int: 25    God:    Vehumet [*.....]
Gold:   274        SH:  0    Dex: 15    Spells: 19/25 levels left

rFire   . . .      SeeInvis .   t - staff of earth
rCold   . . .      Faith    .   (no shield)
rNeg    . . .      Spirit   .   a - +1 robe
rPois   .          Reflect  .   w - +2 helmet
rElec   .          Harm     .   (no cloak)
rCorr   .          Rampage  .   j - +0 pair of gloves
Will    .....                   q - +0 pair of boots
Stlth   +++.......              (no amulet)
HPRegen 0.15/turn               (no ring)
MPRegen 0.18/turn               (no ring)

@: no status effects
A: no striking features
a: Renounce Religion


You were on level 7 of the Dungeon.
You worshipped Vehumet.
Vehumet was aware of your devotion.
You visited 2 branches of the dungeon, and saw 8 of its levels.

You collected 274 gold pieces.

Inventory:

Hand Weapons
 i - a +1 whip of flaming
Missiles
 u - a throwing net
Armour
 a - a +1 robe (worn)
 j - a +0 pair of gloves (worn)
 p - a +0 buckler
 q - a +0 pair of boots (worn)
 w - a +2 helmet (worn)
Magical Staves
 t - a staff of earth (weapon)
Jewellery
 e - an amulet of regeneration
Wands
 f - a wand of paralysis (8)
 m - a wand of flame (39)
 s - a wand of digging (2)
 v - a wand of iceblast (11)
Scrolls
 c - 2 scrolls of identify
 d - a scroll of magic mapping
 r - a scroll of blinking
 x - a scroll of torment {unknown}
Potions
 b - a potion of might
 g - a potion of curing {unknown}
 h - a potion of flight
 k - 2 potions of resistance {unknown}
 l - 4 potions of ambrosia {unknown}
 n - a potion of brilliance {unknown}
 o - 2 potions of lignification {unknown}


   Skills:
 + Level 7.9 Dodging
 - Level 6.2 Stealth
 + Level 3.9 Shields
 + Level 8.8 Spellcasting
 + Level 6.9 Conjurations
 + Level 7.7 Fire Magic


You had 19 spell levels left.
You knew the following spells:

 Your Spells              Type           Power      Damage    Failure   Level
a - Foxfire               Conj/Fire      100%       2x1d9     1%          1
b - Scorch                Fire           98%        2d10      1%          2
c - Conjure Flame         Conj/Fire      47%        6-21      1%          3

Your spell library contained the following spells:

 Spells                   Type           Power      Damage    Failure   Level
 Shock                    Conj/Air       100%       1d9       1%          1
 Flame Wave               Conj/Fire      47%        2d10      2%          4
 Inner Flame              Hex/Fire       30%        N/A       3%          3
 Blink                    Tloc           22%        N/A       9%          2
 Lesser Beckoning         Tloc           11%        N/A       17%         3
 Ozocubu's Armour         Ice            11%        N/A       17%         3
 Manifold Assault         Tloc           11%        N/A       83%         5
 Metabolic Englaciation   Hex/Ice        5%         N/A       83%         5
 Simulacrum               Ice/Necr       5%         N/A       100%        6


Dungeon Overview and Level Annotations

Branches:
Dungeon (7/15)             Temple (1/1) D:4

Altars:
Dithmenos
Gozag
Makhleb
Sif Muna
Trog
Uskayaw
Vehumet
Wu Jian
Xom
The Shining One

Shops:
D:6 *

Annotations:
D:4 1 runed translucent door, hitsuchi's ghost, amateur DsWn


Message History

Flames lash the wyvern zombie.
The wyvern zombie is burned terribly!
You destroy the wyvern zombie!
Vehumet accepts your kill.
You feel your power returning.
You can't see any susceptible monsters within range! (Use Z to cast anyway.)
You start resting.
Magic restored.
You start resting.
HP restored.
A kobold demonologist comes into view. It is wielding a +0 dagger.
The kobold demonologist shouts!
The kobold demonologist casts a spell.
Flames lash the kobold demonologist.
The kobold demonologist is moderately wounded.
The kobold demonologist's fire resistance burns away.
Flames lash the sun demon.
The sun demon completely resists.
The kobold demonologist misses you.
Flames lash the kobold demonologist.
The kobold demonologist is burned terribly!
The kobold demonologist is heavily wounded.
The kobold demonologist completely misses you.
Flames lash the kobold demonologist but do no damage.
The sun demon misses you. The kobold demonologist misses you.
The sun demon hits you.
You are engulfed in flames!
Flames lash the sun demon.
The sun demon completely resists.
The kobold demonologist hits you but does no damage.
The sun demon hits you!
You are engulfed in flames!
* * * LOW HITPOINT WARNING * * *
You are too injured to fight recklessly!
Unknown command.
Casting: Scorch (safe; 1% risk of failure)
Confirm with . or Enter, or press ? or * to list all spells.
Flames lash the sun demon.
The sun demon completely resists.
The sun demon misses you.
The kobold demonologist closely misses you.
Casting: Scorch (safe; 1% risk of failure)
Confirm with . or Enter, or press ? or * to list all spells.
Flames lash the sun demon but do no damage.
The sun demon hits you!
You die...

..#...# ##.####..#########
.###.## #.........)).))).. ##
#)# #.##.##.####.##### # #.#
#.##.##.####.# #.#
#.##.#.......# #.####
#.##.#..####.#
##....########.##.#..## #.#
#..............##.#...###.#
#.###.#######.@##...?.....#####
#.# #.# ##3K................
###.###.# ##...####...#########
......#.# ##.....###...#
....#.#.####.......##..##
###.#..................#
#.#..#..##.......##.##
#.##...####.........# ...<...##
##...####.#


You could see a sun demon (summoned) and a kobold demonologist (combustible).

Vanquished Creatures
  Pikel (D:7)
  2 kobold demonologists (D:7)
  Grinder (D:4)
  Sigmund (D:5)
  A steam dragon (D:7)
  Menkaure (D:7)
  Edmund (D:5)
  An ice beast (D:6)
  An orc warrior (D:6)
  2 sky beasts
  3 black bears
  2 ogres
  3 lemures (D:7)
  2 kobold brigands (D:7)
  4 scorpions
  A wyvern zombie (D:7)
  A gnoll sergeant (D:7)
  A howler monkey (D:4)
  A bullfrog zombie (D:5)
  A centaur zombie (D:7)
  A jelly (D:6)
  An orc priest (D:3)
  2 hounds
  2 centaur skeletons (D:7)
  5 iguanas
  A howler monkey zombie (D:4)
  8 gnolls
  6 adders
  A shadow imp (D:6)
  3 white imps
  An ufetubus (D:5)
  3 adder skeletons (D:4)
  2 worms
  6 dart slugs
  14 orcs
  8 endoplasms
  8 giant cockroaches
  11 goblins
  7 hobgoblins
  5 kobolds
  3 quokkas
  5 ball pythons
  9 bats
  5 frilled lizards
  7 rats
155 creatures vanquished.

Vanquished Creatures (others)
  233 foxfires
233 creatures vanquished.

Grand Total: 388 creatures vanquished

Notes
Turn   | Place    | Note
-------+----------+-------------------------------------------
     0 | D:1      | Jerry the Deep Elf Fire Elementalist began the quest for
                  | the Orb.
     0 | D:1      | Reached XP level 1. HP: 10/10 MP: 6/6
   206 | D:1      | Reached XP level 2. HP: 15/15 MP: 6/8
   405 | D:1      | Found a faded altar of an unknown god.
   608 | D:1      | Reached XP level 3. HP: 14/19 MP: 2/9
  1481 | D:2      | Reached XP level 4. HP: 24/24 MP: 8/11
  1844 | D:3      | Reached skill level 4 in Spellcasting
  2324 | D:3      | Reached XP level 5. HP: 23/28 MP: 10/13
  2762 | D:3      | Learned a level 2 spell: Scorch
  3030 | D:3      | Learned a level 3 spell: Conjure Flame
  3560 | D:4      | Noticed an ogre
  3595 | D:4      | Killed an ogre
  3596 | D:4      | Reached XP level 6. HP: 32/32 MP: 2/14
  3823 | D:4      | Found a staircase to the Ecumenical Temple.
  3844 | Temple   | Entered the Ecumenical Temple
  3938 | Temple   | Became a worshipper of Vehumet
  4007 | D:4      | Noticed Grinder
  4021 | D:4      | Killed Grinder
  4022 | D:4      | Reached skill level 5 in Spellcasting
  4033 | D:4      | Reached XP level 7. HP: 36/36 MP: 1/16
  4260 | D:4      | Reached skill level 5 in Stealth
  4260 | D:4      | Reached skill level 5 in Fire Magic
  4453 | D:4      | Found a runed translucent door.
  4458 | D:4      | Noticed hitsuchi's ghost (amateur DsWn)
  4590 | D:5      | Entered Level 5 of the Dungeon
  4594 | D:5      | Noticed Edmund
  4604 | D:5      | Killed Edmund
  4722 | D:4      | Reached skill level 5 in Dodging
  5005 | D:5      | Noticed Sigmund
  5015 | D:5      | Killed Sigmund
  5016 | D:5      | Reached skill level 6 in Spellcasting
  5016 | D:5      | Reached XP level 8. HP: 41/41 MP: 8/19
  5204 | D:4      | HP: 2/41 [poisoned by a scorpion]
  5576 | D:5      | Reached skill level 1 in Shields
  5793 | D:5      | Found a bloodstained altar of Trog.
  6497 | D:6      | Reached * piety under Vehumet
  6497 | D:6      | Offered knowledge of Shock by Vehumet.
  6500 | D:6      | Reached skill level 5 in Conjurations
  6753 | D:6      | Reached skill level 7 in Spellcasting
  6859 | D:6      | Found Luddosik's General Store.
  7768 | D:6      | Reached XP level 9. HP: 45/45 MP: 12/22
  8139 | D:7      | Noticed Pikel
  8146 | D:7      | Killed Pikel
  8327 | D:7      | Reached skill level 8 in Spellcasting
  8542 | D:7      | Noticed Menkaure
  8550 | D:7      | Killed Menkaure
  8810 | D:7      | Noticed a kobold demonologist
  8834 | D:7      | Killed a kobold demonologist
  8917 | D:7      | Noticed a kobold demonologist
  8924 | D:7      | Killed a kobold demonologist
  9200 | D:7      | Noticed a kobold demonologist
  9208 | D:7      | Noticed a sun demon
  9214 | D:7      | Slain by a sun demon

Illustrated notes

Levels and vault maps discovered:
D:1:      evilmike_arrival_plus, layout_basic,
          dreamdust_ecumenical_altar_angels_and_demons
D:2:      layout_rooms
D:3:      layout_loops_ring
D:4:      layout_loops_ring, minmay_temple_entry_grid,
          ebering_ghost_reflecting_pool, uniq_grinder
D:5:      layout_loops_ring, mainiacjoe_overflow_alcove_4, uniq_sigmund,
          uniq_edmund
D:6:      layout_basic, serial_shops, nicolae_take_the_stairs
D:7:      layout_loops_ring, uniq_menkaure, uniq_pikel
Temple:   eino_narrow_crystal_temple

Skill      XL: |  1  2  3  4  5  6  7  8  9 |
---------------+----------------------------+-----
Stealth        | 3 4 5 6 |  6.2
Dodging        | 3 4 5 6 7 |  7.9
Conjurations   | 2 3 4 5 6 |  6.9
Spellcasting   | 4 5 6 7 8 |  8.8
Fire Magic     | 4 5 6 7 |  7.7
Shields        | 2 3 |  3.9

Action                   |  1- 3 |  4- 6 |  7- 9 || total
-------------------------+-------+-------+-------++-------
Melee: Unarmed           |     4 |    10 |       ||    14
       Punch             |       |     1 |       ||     1
 Cast: Foxfire           |    69 |    54 |    17 ||   140
       Scorch            |       |    23 |   172 ||   195
       Conjure Flame     |       |     7 |    13 ||    20
Evoke: Wand              |       |       |     7 ||     7
  Use: Scroll            |     3 |       |     8 ||    11
       Potion            |       |       |     1 ||     1
Armor: Robe              |     8 |     5 |     9 ||    22
Dodge: Dodged            |    19 |    14 |    38 ||    71
